 Dungeon Crawl Stone Soup version 0.19-a0-526-gbe2e51c (webtiles) character file.

37 Duffy the Skirmisher (level 3, 0/23 HPs)
             Began as a Kobold Fighter on June 7, 2016.
             Succumbed to an adder's poison
             ... on level 2 of the Dungeon.
             The game lasted 00:01:24 (1291 turns).

Duffy the Skirmisher (Kobold Fighter)               Turns: 1291, Time: 00:01:25

Health: 0/23       AC:  6    Str: 14    XL:     3   Next: 60%
Magic:  3/3        EV:  8    Int:  6    God:
Gold:   79         SH:  9    Dex: 16    Spells: 0 memorised, 2 levels left

rFire  . . .     SeeInvis +     a - +0 flail
rCold  . . .     Gourm    .     b - +0 scale mail
rNeg   . . .     Faith    .     c - +0 shield
rPois  .         Spirit   .     (no helmet)
rElec  .         Dismiss  .     (no cloak)
rCorr  .         Reflect  .     (no gloves)
SustAt .         Harm     .     (no boots)
MR     .....                    (no amulet)
Stlth  ..........               i - ring of see invisible
                                e - ring of flight

@: lethally poisoned (0 -> -8), not resistant to hostile enchantments, extremely
unstealthy
A: carnivore 3
a: Evoke Flight


You were on level 2 of the Dungeon.
You were not hungry.

You visited 1 branch of the dungeon, and saw 2 of its levels.

You collected 79 gold pieces.


Innate Abilities, Weirdness & Mutations

You are small and have problems with some larger weapons.
You are carnivorous and can eat meat at any time.


   Skills:
 + Level 3.6 Fighting
 + Level 3.4 Maces & Flails
 - Level 2.4 Armour
 - Level 2.4 Shields


You had 2 spell levels left.
You didn't know any spells.

Inventory:

Hand Weapons
 a - a +0 flail (weapon)
Armour
 b - a +0 scale mail (worn)
 c - a +0 shield (worn)
 h - a shadow dragon hide
Jewellery
 e - a ring of flight (left hand)
 i - a ring of see invisible (right hand)
Scrolls
 g - a scroll of identify
 j - a scroll of immolation
Potions
 d - a potion of might
 k - a potion of haste
Comestibles
 f - 2 meat rations

Dungeon Overview and Level Annotations

Branches:
Dungeon (2/15)

Altars:


Message History

You thump the hobgoblin!
You kill the hobgoblin!
No target in view!
No target in view!
You don't have any unidentified items.
Found 15 arrows.
You see here 15 arrows.
An adder comes into view.
An adder is nearby!
You block the adder's attack. The adder bites you.
You are poisoned.
The adder poisons you!
You closely miss the adder.
You feel sick. The adder barely misses you.
You closely miss the adder. The adder bites you.
You are more poisoned.
The adder poisons you! The adder bites you.
You are more poisoned.
The adder poisons you!
You closely miss the adder.
You feel sick. You block the adder's attack. The adder bites you.
Your shield and scale mail prevent you from hitting the adder.
You feel sick. You block the adder's attack.
You are too injured to fight recklessly!
You are too injured to fight recklessly!
You are too injured to fight recklessly!
You are too injured to fight recklessly!
You are too injured to fight recklessly!
You are too injured to fight recklessly!
You are too injured to fight recklessly!
You are too injured to fight recklessly!
You are too injured to fight recklessly!
You are too injured to fight recklessly!
You are too injured to fight recklessly!
You are too injured to fight recklessly!
You are too injured to fight recklessly!
You are too injured to fight recklessly!
You are too injured to fight recklessly!
You are too injured to fight recklessly!
You hit the adder.
The adder is lightly wounded.
You feel sick. The adder bites you. The adder bites you but does no damage.
You miss the adder.
The adder is lightly wounded.
You feel sick. You block the adder's attack. The adder bites you.
You barely miss the adder.
The adder is lightly wounded.
You feel sick. The adder bites you.
You miss the adder.
The adder is lightly wounded.
You die...

####### #.....#
#.###.############..
#.# #....@S.........
#.# ##########......
########.# ##...
#........# .
#.######## #(# #.#
#.# #.#


You could see an adder.

Action                   || total
-------------------------++-------
Melee: Flail             ||    96
  Use: Scroll            ||     2
       Potion            ||     2
  Eat: Chunk             ||     2
Armor: Scale mail        ||    37
Dodge: Dodged            ||    29
Block: Shield            ||    55

Notes
Turn   | Place    | Note
--------------------------------------------------------------
     0 | D:1      | Duffy the Kobold Fighter began the quest for the Orb.
     0 | D:1      | Reached XP level 1. HP: 14/14 MP: 1/1
   295 | D:1      | Reached XP level 2. HP: 13/19 MP: 2/2
   677 | D:2      | Reached skill level 3 in Maces & Flails
   822 | D:2      | Reached XP level 3. HP: 22/23 MP: 3/3
  1291 | D:2      | Succumbed to an adder's poison

Skill      XL: |  1  2 |
---------------+-------+-----
Maces & Flails | 3 |  3.4
Fighting       | |  3.6
Armour         | |  2.4
Shields        | |  2.4

Vault maps used:
D:1:      ncdulo_watergridlock, minivault_4, minmay_misc_feat_plants,
          minivault_23
D:2:      old_standard_altar, minmay_item_behind_shaft

Vanquished Creatures
  An adder
  An ooze
  A giant gecko
  A ball python
  2 bats
  3 goblins
  5 hobgoblins
  2 kobolds
  2 giant newts
  3 rats
21 creatures vanquished.
